 Dungeon Crawl Stone Soup version 0.31-a0-841-g038b102fc3 (webtiles) character file.

Game seed: 14927856774364206992

732 pokeman the Thaumaturge (level 7, -5/39 HPs)
             Began as a Deep Elf Hedge Wizard on Sept 27, 2023.
             Slain by an ice beast (10 damage)
             ... on level 5 of the Dungeon.
             The game lasted 00:07:43 (5233 turns).

pokeman the Thaumaturge (Deep Elf Hedge Wizard)     Turns: 5233, Time: 00:07:43

Health: -5/39      AC:  2    Str:  7    XL:     7   Next: 45%
Magic:  10/20      EV: 13    Int: 21    God:
Gold:   156        SH:  5    Dex: 14    Spells: 12/22 levels left

rFire   . . .        m - +0 dagger (venom)
rCold   . . .        (no shield)
rNeg    . . .        b - +0 robe
rPois   .            c - +0 hat
rElec   .            r - scarf {repulsion}
rCorr   .            (no gloves)
SInv    .            (no boots)
Will    .....        j - amulet of reflection
Stlth   ++           (no ring)
HPRegen 0.26/turn    (no ring)
MPRegen 0.17/turn

%: repel missiles, reflection
@: on blink cooldown
A: no striking features
a: no special abilities


You were on level 5 of the Dungeon.
You visited 1 branch of the dungeon, and saw 5 of its levels.

You collected 273 gold pieces.
You spent 117 gold pieces at shops.

Inventory:

Hand Weapons
 m - a +0 dagger of venom (weapon)
Missiles
 u - 4 curare-tipped darts
Armour
 b - a +0 robe (worn)
 c - a +0 hat (worn)
 r - a scarf of repulsion (worn)
Jewellery
 j - an amulet of reflection (around neck)
 p - an amulet of guardian spirit
Scrolls
 a - 5 scrolls of identify
 g - 4 scrolls of teleportation
 h - 2 scrolls of blinking {unknown}
 l - 2 scrolls of immolation {unknown}
 n - 2 scrolls of poison {unknown}
 o - a scroll of fog {unknown}
 q - a scroll of brand weapon {unknown}
 t - a scroll of vulnerability {unknown}
Potions
 d - a potion of magic
 e - 2 potions of heal wounds {unknown}
 f - a potion of enlightenment {unknown}
 i - 5 potions of curing {unknown}
 k - 2 potions of haste {unknown}
 s - a potion of resistance {unknown}


   Skills:
 + Level 1.9 Fighting
 - Level 1.0 Armour
 - Level 3.0 Dodging
 - Level 3.1 Stealth
 * Level 8.1 Spellcasting
 + Level 3.9 Conjurations
 - Level 1.1 Summonings
 - Level 1.1 Translocations
 - Level 1.2 Transmutations
 - Level 1.0 Air Magic
 + Level 2.9 Earth Magic
 - Level 1.0 Poison Magic


You had 12 spell levels left.
You knew the following spells:

 Your Spells              Type           Power      Damage    Failure   Level
a - Magic Dart            Conj           100%       1d8       1%          1
b - Mephitic Cloud        Conj/Pois/Air  16%        N/A       11%         3
c - Call Imp              Summ           26%        N/A       8%          2
d - Blink                 Tloc           26%        N/A       8%          2
e - Passwall              Tmut/Erth      14%        N/A       4%          2

Your spell library contained the following spells:

 Spells                   Type           Power      Damage    Failure   Level
 Slow                     Hex            32%        N/A       8%          1
 Cigotuvi's Dreadful Rot  Necr/Pois/Air  22%        N/A       9%          2
 Ensorcelled Hibernation  Hex/Ice        16%        N/A       12%         2
 Swiftness                Air            12%        N/A       16%         3
 Olgreb's Toxic Radiance  Pois           12%        N/A       45%         4
 Discord                  Hex            4%         N/A       100%        8
 Ignition                 Fire           4%         3d4       100%        8


Dungeon Overview and Level Annotations

Branches:
Dungeon (5/15)
 Temple: D:4-7

Altars:
Uskayaw

Shops:
D:1 (   D:2 ?   D:5 (


Message History

Your cerulean imp hits the ice beast but does no damage.
The ice beast hits you. The ice beast freezes you!
Unknown command.
Casting: Call Imp (safe; 8% risk of failure)
Confirm with . or Enter, or press ? or * to list all spells.
Aiming: Magic Dart (safe; 1% risk of failure)
Press: ? - help, Shift-Dir - straight line, f/p - ice beast
Aim: an ice beast (heavily wounded, poisoned, ally target, 100% to hit)
The magic dart hits the ice beast.
The ice beast is severely wounded.
Your cerulean imp hits the ice beast but does no damage.
The ice beast hits your cerulean imp.
The ice beast freezes your cerulean imp.
Casting: Magic Dart (safe; 1% risk of failure)
Confirm with . or Enter, or press ? or * to list all spells.
Aiming: Magic Dart (safe; 1% risk of failure)
Press: ? - help, Shift-Dir - straight line, f/p - ice beast
Aim: an ice beast (severely wounded, not watching you, poisoned, ally target, 100% to hit)
The magic dart hits the ice beast.
The ice beast is severely wounded.
Your cerulean imp hits the ice beast with a -3 spear.
The ice beast hits you. The ice beast freezes you!
* * * LOW HITPOINT WARNING * * *
Casting: Magic Dart (safe; 1% risk of failure)
Confirm with . or Enter, or press ? or * to list all spells.
You blink.
Your cerulean imp hits the ice beast but does no damage.
Unknown command.
Casting: Blink (safe; 8% risk of failure)
Confirm with . or Enter, or press ? or * to list all spells.
Aiming: Magic Dart (safe; 1% risk of failure)
Press: ? - help, Shift-Dir - straight line, f/p - ice beast
Aim: an ice beast (almost dead, poisoned, ally target, 100% to hit)
The magic dart hits the ice beast.
The ice beast is almost dead.
Your cerulean imp hits the ice beast but does no damage.
The ice beast hits you.
* * * LOW HITPOINT WARNING * * *
The ice beast freezes you!
You die...

######
#....##########
#.##.#......).#
#.##.#.#### #.#
#.#.......# #.#
#.#..#.##.# #.#
#.#Y5#.##.###.# .
#.@..#........#
#...#####.####...####
..........###.....##
#..#########.......#
#.....†.# #.......#
##.....## ###...##
##.##.##


You could see an ice beast (poisoned, ally target) and a friendly cerulean imp
(summoned).

Vanquished Creatures
  An ice beast (D:4)
  An ogre (D:5)
  A phantom (D:4)
  A scorpion (D:5)
  A hound (D:5)
  An orc priest (D:3)
  Terence (D:2)
  2 iguanas
  10 adders
  5 shadow imps (D:4)
  2 white imps (D:4)
  8 ufetubi
  12 orcs
  2 bats (D:2)
  12 endoplasms
  A giant cockroach (D:2)
  6 goblins
  8 hobgoblins
  4 jackals (D:2)
  8 kobolds
  3 quokkas
  8 ball pythons
  6 frilled lizards
  6 rats
110 creatures vanquished.

Notes
Turn   | Place    | Note
-------+----------+-------------------------------------------
     0 | D:1      | pokeman the Deep Elf Hedge Wizard began the quest for the
                  | Orb.
     0 | D:1      | Reached XP level 1. HP: 10/10 MP: 7/7
   215 | D:1      | Reached XP level 2. HP: 16/16 MP: 4/9
   257 | D:1      | Found Quthec's Antique Weapon Boutique.
   870 | D:1      | Reached skill level 5 in Spellcasting
  1207 | D:2      | Reached XP level 3. HP: 20/20 MP: 5/11
  1211 | D:2      | Learned a level 3 spell: Mephitic Cloud
  1214 | D:2      | Learned a level 2 spell: Call Imp
  1217 | D:2      | Learned a level 2 spell: Blink
  1317 | D:2      | Reached skill level 1 in Fighting
  1317 | D:2      | Reached skill level 1 in Armour
  1385 | D:2      | Reached XP level 4. HP: 18/25 MP: 6/13
  2065 | D:2      | Noticed Terence
  2080 | D:2      | Killed Terence
  2438 | D:2      | Learned a level 2 spell: Passwall
  2571 | D:2      | Found Ysada's Magic Scroll Boutique.
  2579 | D:2      | Bought a scroll of teleportation for 39 gold pieces
  2579 | D:2      | Bought a scroll of identify for 26 gold pieces
  2579 | D:2      | Bought a scroll of identify for 26 gold pieces
  2579 | D:2      | Bought a scroll of identify for 26 gold pieces
  2732 | D:2      | Reached skill level 6 in Spellcasting
  2732 | D:2      | Reached XP level 5. HP: 25/29 MP: 9/15
  2901 | D:3      | Reached skill level 1 in Poison Magic
  2908 | D:3      | Reached skill level 1 in Earth Magic
  3194 | D:3      | Reached skill level 1 in Air Magic
  3475 | D:3      | Found a hide-covered altar of Uskayaw.
  3705 | D:4      | Reached XP level 6. HP: 34/34 MP: 13/17
  3911 | D:4      | Reached skill level 7 in Spellcasting
  3911 | D:4      | Reached skill level 1 in Transmutations
  4455 | D:4      | Noticed an ice beast
  4613 | D:4      | Killed an ice beast
  4614 | D:4      | Reached XP level 7. HP: 29/38 MP: 14/20
  4796 | D:5      | Entered Level 5 of the Dungeon
  5010 | D:5      | Found Biech's Weapon Boutique.
  5211 | D:5      | Reached skill level 8 in Spellcasting
  5233 | D:5      | Slain by an ice beast

Illustrated notes

Levels and vault maps discovered:
D:1:      shiori_arrival_elements, layout_loops_ring, serial_shops, shop
D:2:      layout_loops_corners, serial_shops, shop, minmay_snake_closets,
          uniq_terence
D:3:      layout_rooms, nicolae_uskayaw_suspiria, kennysheep_generic_room_14
D:4:      layout_basic, serial_demonic, serial_demonic_d, serial_demonic_b,
          serial_demonic_c, serial_demonic_b, serial_demonic_e,
          serial_demonic_g, serial_demonic_b, serial_demonic_d
D:5:      layout_loops_corners, temple_doors_e, serial_shops,
          nicolae_shop_crystal

Skill      XL: |  1  2  3  4  5  6  7 |
---------------+----------------------+-----
Spellcasting   | 5 6 7 8 |  8.1
Fighting       | 1 |  1.9
Armour         | 1 |  1.0
Conjurations   | 2 3 |  3.9
Dodging        | 3 |  3.0
Stealth        | 3 |  3.1
Poison Magic   | 1 |  1.0
Earth Magic    | 1 2 |  2.9
Air Magic      | 1 |  1.0
Transmutations | 1 |  1.2
Summonings     | |  1.1
Translocations | |  1.1

Action                     |  1- 3 |  4- 6 |  7- 9 || total
---------------------------+-------+-------+-------++-------
  Melee: Dagger            |       |    75 |    12 ||    87
   Cast: Magic Dart        |    78 |   179 |    29 ||   286
         Mephitic Cloud    |       |     5 |     2 ||     7
         Call Imp          |       |     4 |     1 ||     5
         Blink             |       |     1 |     1 ||     2
   Stab: Confused          |       |     4 |       ||     4
         Distracted        |       |     1 |       ||     1
 Armour: Robe              |     3 |    43 |     9 ||    55
  Dodge: Dodged            |    12 |    53 |     6 ||    71
  Block: Other             |     4 |    25 |     3 ||    32
         Reflection        |       |     1 |       ||     1

Table legend: (Time is in decaauts)
 A = Elapsed time spent in this place.
 B = Non-inter-level travel time spent in this place.
 C = Inter-level travel time spent in this place.
 D = Time resting spent in this place.
 E = Time spent auto-exploring this place.
 F = Levels seen in this place.
 G = Mean time per level.
                   A        B        C        D        E       F      G
               +--------+--------+--------+--------+--------+-----+--------+
         Total |   5232 |   5120 |    112 |     45 |   4375 |   5 | 1046.4 |
       Dungeon |   5232 |   5120 |    112 |     45 |   4375 |   5 | 1046.4 |
               +--------+--------+--------+--------+--------+-----+--------+

Top non-repeatable levels by time:
     D:2: 1632 daAuts
     D:1: 1199 daAuts
     D:4: 1074 daAuts
     D:3: 890 daAuts
     D:5: 436 daAuts
